 Dungeon Crawl Stone Soup version 0.29-a0-334-gb41bcbb86e (webtiles) character file.

Game seed: 3355218399710644456

49081 croobank the Arsonist (level 13, -1/97 HPs)
             Began as a Demigod Fire Elementalist on Apr 13, 2022.
             Slain by an eight-headed hydra (2 damage)
             ... on level 5 of the Lair of Beasts on Apr 14, 2022.
             The game lasted 01:29:49 (17078 turns).

croobank the Arsonist (Demigod Fire Elementalist)  Turns: 17078, Time: 01:29:49

Health: -1/97      AC: 17    Str:  9    XL:     13   Next: 79%
Magic:  26/30      EV: 15    Int: 38    God:
Gold:   1706       SH:  0    Dex: 14    Spells: 4/29 levels left

rFire   . . .      SeeInvis .   W - +3 eveningstar (elec)
rCold   . . .      Faith    .   (no shield)
rNeg    . . .      Spirit   .   r - +3 troll leather armour
rPois   .          Reflect  .   (no helmet)
rElec   .          Harm     .   i - +1 cloak {Stlth+}
rCorr   +          Rampage  .   x - +2 pair of gloves
Will    +....                   B - +0 pair of boots of Tomorrow {Drain Regen+ Int+5}
Stlth   ++++......              a - amulet of regeneration
HPRegen 2.66/turn               X - +4 ring of protection
MPRegen 0.22/turn               k - ring of resist corrosion

@: unable to read
A: high MP 1, forlorn, divine attributes, frail 1, inability to read while
threatened
a: no special abilities


You were on level 5 of the Lair of Beasts.
You visited 2 branches of the dungeon, and saw 16 of its levels.
You also visited: Bailey.

You collected 1706 gold pieces.

Inventory:

Hand Weapons
 h - a +8 great mace of protection
 l - a +0 dire flail
 n - a +0 spectral lajatang
 q - a +2 quarterstaff of chaos
 z - the +3 mace "Plog" {holy, +Blink rElec Will- Dex+4}
   (You found it on level 2 of the Lair of Beasts)

   It has been blessed by the Shining One to cause great damage to the undead
   and demons.
   Dex:       It affects your dexterity (+4).
   rElec:     It insulates you from electricity.
   +Blink:    It lets you blink.
   Will:      It decreases your willpower.
 H - a +1 falchion of holy wrath
 W - a +3 eveningstar of electrocution (weapon)
Missiles
 I - 3 silver javelins
 N - 8 boomerangs
 Z - a throwing net
Armour
 e - a +1 ring mail of positive energy
 i - a +1 cloak of stealth (worn)
 p - a scarf of resistance
 r - a +3 troll leather armour (worn)
 x - a +2 pair of gloves (worn)
 B - the +0 pair of boots of Tomorrow (worn) {Drain Regen+ Int+5}
   (You found it on level 4 of the Dungeon)

   Int:       It affects your intelligence (+5).
   Regen:     It increases your rate of health regeneration.
   Drain:     It drains your maximum health when unequipped.
Jewellery
 a - an amulet of regeneration (around neck)
 k - a ring of resist corrosion (right hand)
 v - a ring of positive energy
 w - a ring of protection from cold
 D - an amulet of guardian spirit
 G - a ring of willpower
 K - a ring of protection from cold
 M - an amulet of magic regeneration
 O - a ring of magical power
 Q - a +4 ring of protection
 X - a +4 ring of protection (left hand)
 Y - a ring of positive energy
Wands
 j - a wand of polymorph (15)
 s - a wand of mindburst (23) (quivered)
 C - a wand of paralysis (7)
 U - a wand of flame (10)
Scrolls
 d - 4 scrolls of immolation
 f - a scroll of fear
 g - 5 scrolls of teleportation
 y - 6 scrolls of identify
 F - 2 scrolls of summoning
 J - a scroll of enchant armour
 P - 5 scrolls of fog
Potions
 b - 4 potions of magic
 c - a potion of berserk rage
 m - a potion of ambrosia
 o - 3 potions of heal wounds
 t - 6 potions of lignification
 u - 8 potions of curing
 A - 2 potions of might
 E - 4 potions of brilliance
 L - 3 potions of haste
 R - 2 potions of mutation
 S - 2 potions of resistance


   Skills:
 + Level 8.7 Fighting
 + Level 1.9 Maces & Flails
 + Level 9.3 Dodging
 - Level 5.3 Stealth
 + Level 8.6 Spellcasting
 + Level 9.2 Conjurations
 + Level 9.1 Transmutations
 + Level 9.5 Fire Magic


You had 4 spell levels left.
You knew the following spells:

 Your Spells              Type           Power      Damage    Failure   Level
a - Foxfire               Conj/Fire      100%       2x1d9     1%          1
b - Scorch                Fire           100%       2d10      1%          2
c - Flame Wave            Conj/Fire      73%        2d13      1%          4
d - Call Canine Familiar  Summ           16%        N/A       10%         3
e - Conjure Flame         Conj/Fire      73%        6-21      1%          3
f - Mephitic Cloud        Conj/Pois/Air  39%        N/A       2%          3
g - Beastly Appendage     Tmut           100%       N/A       1%          1
h - Irradiate             Conj/Tmut      36%        3d25      1%          5
i - Tukima's Dance        Hex            16%        N/A       10%         3

Your spell library contained the following spells:

 Spells                   Type           Power      Damage    Failure   Level
 Magic Dart               Conj           100%       1d8       1%          1
 Wereblood                Tmut           72%        N/A       1%          2
 Inner Flame              Hex/Fire       52%        N/A       1%          3
 Spider Form              Tmut/Pois      50%        N/A       1%          3
 Pain                     Necr           64%        1d7       3%          1
 Summon Small Mammal      Summ           64%        N/A       3%          1
 Call Imp                 Summ           16%        N/A       4%          2
 Sublimation of Blood     Necr           16%        N/A       4%          2
 Summon Guardian Golem    Hex/Summ       16%        N/A       10%         3
 Anguish                  Hex/Necr       8%         N/A       32%         4
 Fireball                 Conj/Fire      36%        3d15      1%          5
 Blade Hands              Tmut           36%        N/A       2%          5
 Starburst                Conj/Fire      36%        6d11      11%         6
 Orb of Destruction       Conj           36%        9d11      52%         7
 Dragon Form              Tmut           36%        N/A       54%         7
 Agony                    Necr           16%        N/A       67%         5
 Excruciating Wounds      Necr           8%         N/A       67%         5
 Dispersal                Tloc           8%         N/A       99%         6
 Spellforged Servitor     Conj/Summ      25%        N/A       99%         7
 Ignition                 Fire           36%        3d11      99%         8
 Enfeeble                 Hex            8%         N/A       100%        7
 Summon Hydra             Summ           8%         N/A       100%        7
 Disjunction              Tloc           8%         N/A       100%        8


Dungeon Overview and Level Annotations

Branches:
Dungeon (11/15)            Temple (0/1) D:5            Lair (5/6) D:9
 Shoals (0/4) Lair:2        Snake (0/4) Lair:3       Bailey (visited)
  Slime: Lair:5-6       Orc: D:9-12

Shops:
D:9 (

Annotations:
D:4 2 runed translucent doors, GigaChad's ghost, amateur MiCK


Innate Abilities, Weirdness & Mutations

You have an increased reservoir of magic. (+10% MP)
You shall have no god before yourself.
Your divine heritage dramatically boosts your attributes as you level up.
You are frail. (-10% HP)
You sometimes lose the ability to read scrolls when taking damage.


Message History

You sock the eight-headed hydra!
The eight-headed hydra is severely wounded.
The bullfrog is no longer more vulnerable to fire.
The eight-headed hydra bites you but does no damage.
The eight-headed hydra closely misses you.
The eight-headed hydra bites you. x2
The eight-headed hydra bites you but does no damage. x3
The eight-headed hydra barely misses you.
Casting: Scorch (safe; 1% risk of failure)
Confirm with . or Enter, or press ? or * to list all spells.
Flames lash the bullfrog.
The bullfrog is almost dead.
The bullfrog's fire resistance burns away.
The eight-headed hydra bites you. x2; The eight-headed hydra misses you.
The eight-headed hydra bites you but does no damage.
The eight-headed hydra barely misses you.
The eight-headed hydra bites you but does no damage.
The eight-headed hydra bites you. The eight-headed hydra bites you!
* * * LOW HITPOINT WARNING * * *
You barely miss the eight-headed hydra.
The eight-headed hydra is severely wounded.
The eight-headed hydra closely misses you.
The eight-headed hydra bites you but does no damage. x2
The eight-headed hydra closely misses you.
The eight-headed hydra bites you.
* * * LOW HITPOINT WARNING * * *
The eight-headed hydra bites you but does no damage.
The eight-headed hydra bites you!
* * * LOW HITPOINT WARNING * * *
The eight-headed hydra bites you!
* * * LOW HITPOINT WARNING * * *
The eight-headed hydra misses you.
The eight-headed hydra bites you but does no damage. x2
The eight-headed hydra bites you.
* * * LOW HITPOINT WARNING * * *
The eight-headed hydra bites you but does no damage.
The eight-headed hydra bites you.
* * * LOW HITPOINT WARNING * * *
The eight-headed hydra bites you.
You die...

..................#..+#.#..#....P
......)........................P.
.......†.........................
.................................
###..[......#####................
##......##### #...P###.###.#....
#P.......#..## #.....###.####...#
.........##....###....###..##....
..........###.FD@.#.#......#P....
........P...#####..........##....
#.#.......#..####...........#....
###.....P...#..............#....#
##..........#......######.###....
##.........##......##########....
.P......PP..P...§..#..##.#P#.....
........PP....§§.........P.......
..............§..................


You could see an eight-headed hydra and a bullfrog (combustible).

Vanquished Creatures
  2 boulder beetles
  3 hydras
  A death knight (D:10)
  4 two-headed ogres
  Urug (Lair:4)
  Nergalle (D:11)
  A skeletal warrior (D:9)
  2 phantasmal warriors (D:9)
  An oklob plant (Lair:4)
  A manticore (Lair:2)
  2 black mambas
  2 torpor snails (Lair:2)
  12 cane toads
  An unseen horror (D:11)
  20 komodo dragons
  A wind drake (Lair:2)
  2 ice devils (Lair:2)
  3 polar bears
  4 trolls
  4 blink frogs (Lair:4)
  2 wraiths
  3 basilisks
  2 wyverns (Lair:2)
  Eustachio (D:4)
  37 yaks
  4 steam dragons
  Menkaure (D:6)
  3 nagas (Lair:3)
  An acid dragon (D:8)
  14 water moccasins
  An orc warrior (D:8)
  2 sky beasts
  3 black bears
  6 ice beasts
  4 ogres (D:5)
  14 wolves
  3 centaurs
  2 phantoms
  19 bullfrogs
  3 kobold brigands
  4 scorpions
  9 wights
  5 killer bees (D:9)
  An electric eel (Lair:1)
  11 howler monkeys
  2 hounds
  Crazy Yiuf (D:3)
  3 jellies
  4 gnoll shamans
  12 iguanas
  4 orc wizards
  12 adders
  14 gnolls
  2 shadow imps
  2 white imps
  A worm (D:2)
  A dart slug (D:3)
  11 orcs
  5 ball pythons
  4 endoplasms
  5 giant cockroaches
  11 goblins
  2 hobgoblins
  5 jackals (D:2)
  7 kobolds
  3 quokkas
  3 bats
  13 frilled lizards
  4 rats
354 creatures vanquished.

Vanquished Creatures (collateral kills)
  4 foxfires
4 creatures vanquished.

Vanquished Creatures (others)
  310 foxfires
  29 fungi
  26 plants
365 creatures vanquished.

Grand Total: 723 creatures vanquished

Notes
Turn   | Place    | Note
-------+----------+-------------------------------------------
     0 | D:1      | croobank the Demigod Fire Elementalist began the quest for
                  | the Orb.
     0 | D:1      | Reached XP level 1. HP: 14/14 MP: 5/5
    50 | D:1      | Reached skill level 1 in Conjurations
   436 | D:1      | Reached XP level 2. HP: 19/20 MP: 7/7
   483 | D:1      | Learned a level 2 spell: Scorch
   645 | D:2      | Reached XP level 3. HP: 10/26 MP: 0/8
  1010 | D:2      | Reached XP level 4. HP: 13/33 MP: 0/10
  2431 | D:3      | Noticed a kobold brigand
  2439 | D:3      | Killed a kobold brigand
  2440 | D:3      | Reached XP level 5. HP: 38/38 MP: 3/11
  2973 | D:3      | Found a runed translucent door.
  2975 | D:3      | Noticed Crazy Yiuf
  2982 | D:3      | Killed Crazy Yiuf
  3084 | D:4      | Identified a scroll of acquirement
  3084 | D:4      | Acquired 718 gold pieces
  3133 | D:4      | Noticed Eustachio
  3146 | D:4      | Killed Eustachio
  3147 | D:4      | Reached skill level 1 in Fighting
  3147 | D:4      | Reached XP level 6. HP: 46/47 MP: 3/13
  3152 | D:4      | Learned a level 4 spell: Flame Wave
  3156 | D:4      | Learned a level 3 spell: Call Canine Familiar
  3509 | D:4      | Reached XP level 7. HP: 30/52 MP: 1/15
  3705 | D:4      | Identified the +0 pair of boots of Tomorrow {Drain Regen+
                  | Int+5}
  3804 | D:4      | Found a large runed translucent door.
  3804 | D:4      | Found a large runed translucent door.
  3848 | D:4      | You fall into a shaft and drop 2 floors!
  3854 | D:5      | Entered Level 5 of the Dungeon
  3904 | D:5      | Learned a level 3 spell: Conjure Flame
  4038 | D:5      | Found a staircase to the Ecumenical Temple.
  4284 | D:5      | Reached XP level 8. HP: 62/62 MP: 10/17
  4803 | D:4      | Noticed GigaChad's ghost (amateur MiCK)
  5537 | D:5      | Reached skill level 5 in Fire Magic
  5696 | D:6      | Noticed Menkaure
  5698 | D:6      | Killed Menkaure
  5699 | D:6      | Reached skill level 5 in Stealth
  6010 | D:6      | Upgraded the game from 0.29-a0-330-g52719c12eb to
                  | 0.29-a0-334-gb41bcbb86e
  6466 | D:6      | Reached XP level 9. HP: 71/71 MP: 13/19
  6607 | D:7      | Reached skill level 5 in Dodging
  6760 | D:7      | Found a flagged portal.
  6769 | Bailey   | Entered a bailey
  6777 | Bailey   | Learned a level 3 spell: Mephitic Cloud
  6779 | Bailey   | Learned a level 1 spell: Beastly Appendage
  6941 | D:7      | Reached skill level 5 in Conjurations
  6946 | D:7      | Reached skill level 5 in Spellcasting
  8336 | D:8      | Reached skill level 5 in Fighting
  8412 | D:8      | Noticed a two-headed ogre
  8417 | D:8      | Killed a two-headed ogre
  8418 | D:8      | Reached XP level 10. HP: 81/81 MP: 14/22
  8865 | D:9      | Found a staircase to the Lair.
  8949 | D:9      | Found Okyephup's Antique Weapon Boutique.
  9721 | D:10     | Entered Level 10 of the Dungeon
  9723 | D:10     | Identified the +5 trident of Psychosis {flame, Fragile rC++
                  | rN++}
  9971 | D:10     | Noticed a two-headed ogre
  9982 | D:10     | Killed a two-headed ogre
 10114 | D:10     | Noticed a phantasmal warrior
 10138 | D:10     | Noticed a death knight
 10167 | D:10     | Noticed a phantasmal warrior
 10169 | D:10     | Noticed a skeletal warrior
 10242 | D:10     | HP: 3/83 [phantasmal warrior[a death knight] (21)]
 10246 | D:9      | Killed a phantasmal warrior
 10246 | D:9      | Killed a phantasmal warrior
 10249 | D:9      | Killed a skeletal warrior
 10372 | D:9      | Learned a level 5 spell: Irradiate
 10393 | D:10     | Killed a death knight
 10529 | D:10     | Noticed a two-headed ogre
 10540 | D:10     | Killed a two-headed ogre
 10541 | D:10     | Reached XP level 11. HP: 66/91 MP: 25/25
 10568 | D:10     | Noticed a two-headed ogre
 10577 | D:10     | Killed a two-headed ogre
 10786 | D:11     | Noticed Nergalle
 10796 | D:11     | Killed Nergalle
 11062 | D:11     | Noticed a boulder beetle
 11083 | D:11     | HP: 3/91 [boulder beetle (14)]
 11409 | D:11     | Reached skill level 1 in Transmutations
 11574 | D:11     | Killed a boulder beetle
 11642 | D:11     | Reached XP level 12. HP: 90/100 MP: 27/27
 11750 | D:11     | Noticed a five-headed hydra
 11761 | D:11     | Killed a five-headed hydra
 11877 | Lair:1   | Entered Level 1 of the Lair of Beasts
 12339 | Lair:1   | Learned a level 3 spell: Tukima's Dance
 13085 | Lair:2   | Reached XP level 13. HP: 73/107 MP: 10/29
 13301 | Lair:2   | Gained mutation: You have hidden genetic defects.
                  | [mutagenic glow]
 13626 | Lair:2   | Identified the +3 mace "Plog" {holy, +Blink rElec Will-
                  | Dex+4}
 13678 | Lair:2   | Found a staircase to the Shoals.
 14453 | Lair:3   | Found a staircase to the Snake Pit.
 14990 | Lair:4   | Gained mutation: You sometimes lose the ability to read
                  | scrolls when taking damage. [hidden defects]
 15320 | Lair:4   | Noticed Urug
 15336 | Lair:4   | Killed Urug
 16137 | Lair:5   | Reached skill level 1 in Maces & Flails
 16224 | Lair:5   | Gained mutation: You are frail. (-10% HP) [hidden defects]
 16224 | Lair:5   | Lost mutation: You have hidden genetic defects. [hidden
                  | defects expressed]
 17078 | Lair:5   | HP: 4/97 [eight-headed hydra (1)]
 17078 | Lair:5   | HP: 1/97 [eight-headed hydra (3)]
 17078 | Lair:5   | Slain by an eight-headed hydra

Illustrated notes

Levels and vault maps discovered:
D:1:      onia_arrival_pyramid, layout_rooms, chequers_ecumenical_altar_island,
          minmay_lizard_king
D:2:      layout_loops_ring
D:3:      layout_loops_cross, st_stairs_4, uniq_crazy_yiuf_cottage
D:4:      layout_cave_pods, gup_sewer_entry_glass, ebering_ghost_disaster_area,
          st_stairs_12, grunt_decor_fettered, minmay_cut_off, uniq_eustachio
D:5:      layout_basic, minmay_temple_entry_arrows, kennysheep_generic_room_5
D:6:      layout_gridville, uniq_menkaure
D:7:      minmay_inner_zag, layout_basic, enter_bailey_5
D:8:      layout_loops_cross
D:9:      layout_loops_ring, lair_entry_dummy, serial_shops,
          nicolae_shop_competitors_out_of_business
D:10:     layout_rooms, gammafunk_temple_overflow_wave
D:11:     layout_irregular_city, uniq_nergalle
Lair:1:   layout_loops_ring, infiniplex_staircase_pool, lemuel_fruit_fields,
          grunt_megastairs_3
Lair:2:   beast_lair_carwin_large_3, layout_loops_ring,
          minmay_shoals_entry_beasts, portal_ice_cave_demonic_guard
Lair:3:   layout_gridlike, minmay_snake_entry_guardpost_small, basic_altar,
          dreamdust_gnoll_shepherd
Lair:4:   layout_roguey, grunt_megastairs_1, uniq_urug
Lair:5:   layout_regular_city, st_stairs_4, beast_lair_carwin_9

Skill      XL: |  1  2  3  4  5  6  7  8  9 10 11 12 13 |
---------------+----------------------------------------+-----
Conjurations   | 1 2 3 4 5 7 8 9 |  9.2
Stealth        | 2 3 4 5 |  5.3
Dodging        | 2 3 4 6 7 8 9 |  9.3
Spellcasting   | 2 3 4 5 6 7 8 |  8.6
Fire Magic     | 3 4 5 6 7 8 9 |  9.5
Fighting       | 1 2 3 5 6 7 8 |  8.7
Transmutations | 7 8 9 |  9.1
Maces & Flails | 1 |  1.9

Action                   |  1- 3 |  4- 6 |  7- 9 | 10-12 | 13-15 || total
-------------------------+-------+-------+-------+-------+-------++-------
Melee: Spear             |    32 |       |       |       |       ||    32
       Unarmed           |     5 |       |       |       |       ||     5
       Lajatang          |     6 |    32 |    38 |   164 |   109 ||   349
       Kick              |       |       |       |     6 |       ||     6
       Headbutt          |       |       |       |     1 |       ||     1
       Great mace        |       |       |       |     5 |    17 ||    22
       Trident           |       |       |       |       |     7 ||     7
       Eveningstar       |       |       |       |       |     5 ||     5
Throw: Dart              |       |     5 |       |     1 |       ||     6
       Throwing net      |       |       |       |     4 |       ||     4
 Cast: Foxfire           |    22 |    20 |    67 |    32 |    44 ||   185
       Scorch            |     8 |    36 |    98 |   106 |    76 ||   324
       Flame Wave        |       |       |     3 |     1 |     2 ||     6
       Beastly Appendage |       |       |       |     2 |       ||     2
       Irradiate         |       |       |       |    10 |    26 ||    36
       Mephitic Cloud    |       |       |       |       |     1 ||     1
       Tukima's Dance    |       |       |       |       |     1 ||     1
       Call Canine Famil |       |       |       |       |     1 ||     1
Evoke: Wand              |       |     5 |       |     5 |     2 ||    12
  Use: Scroll            |     3 |     8 |    10 |    15 |     7 ||    43
       Potion            |       |     2 |       |     8 |     2 ||    12
 Stab: Sleeping          |       |     3 |     3 |     4 |     1 ||    11
       Paralysed         |       |       |       |     7 |       ||     7
       Distracted        |       |       |       |     2 |     2 ||     4
Armor: Robe              |     8 |    12 |    19 |    13 |       ||    52
       Troll leather arm |       |       |       |    45 |   156 ||   201
Dodge: Dodged            |    45 |    36 |    74 |   204 |   244 ||   603

Table legend: (Time is in decaauts)
 A = Elapsed time spent in this place.
 B = Non-inter-level travel time spent in this place.
 C = Inter-level travel time spent in this place.
 D = Time resting spent in this place.
 E = Time spent auto-exploring this place.
 F = Levels seen in this place.
 G = Mean time per level.
                   A        B        C        D        E       F      G
               +--------+--------+--------+--------+--------+-----+--------+
         Total |  17251 |  16842 |    409 |   1592 |  11772 |  17 | 1014.8 |
       Dungeon |  11947 |  11612 |    335 |   1348 |   7904 |  11 | 1086.1 |
          Lair |   5292 |   5219 |     73 |    244 |   3868 |   5 | 1058.4 |
        Bailey |     11 |     11 |      0 |      0 |      0 |   1 |   11.0 |
               +--------+--------+--------+--------+--------+-----+--------+

Top non-repeatable levels by time:
     D:2: 1523 daAuts
  Lair:2: 1393 daAuts
     D:5: 1351 daAuts
     D:4: 1270 daAuts
     D:9: 1210 daAuts
     D:7: 1199 daAuts
  Lair:4: 1159 daAuts
    D:11: 1046 daAuts
  Lair:5: 986 daAuts
     D:6: 963 daAuts
     D:3: 953 daAuts
     D:8: 911 daAuts
    D:10: 903 daAuts
  Lair:1: 880 daAuts
  Lair:3: 872 daAuts
